 Dungeon Crawl Stone Soup version 0.30-a0-557-ge2afbf3030 (webtiles) character file.

Game seed: 17827895259427457801

318 oldriver the Sneak (level 6, -10/52 HPs)
             Began as a Naga Artificer on Dec 28, 2022.
             Shot with an arrow by a centaur (14 damage)
             ... on level 4 of the Dungeon.
             The game lasted 00:05:20 (3096 turns).

oldriver the Sneak (Naga Artificer)                 Turns: 3096, Time: 00:05:21

Health: -10/52     AC:  5    Str: 14    XL:     6   Next: 45%
Magic:  6/6        EV:  9    Int: 11    God:
Gold:   176        SH:  0    Dex: 14    Spells: 5/5 levels left

rFire   . . .      SeeInvis +    t - +1 long sword
rCold   . . .      Faith    .    (no shield)
rNeg    . . .      Spirit   .    b - +0 leather armour
rPois   +          Reflect  .    (helmet restricted)
rElec   .          Harm     .    (no cloak)
rCorr   .          Rampage  .    (no gloves)
Will    .....                    (no barding)
Stlth   +++                      (no amulet)
HPRegen 0.28/turn                (no ring)
MPRegen 0.10/turn                (no ring)

@: very slow
A: AC +2, large, see invisible, deformed body, poison resistance, slowness 2,
spit poison 1, naga tail 1, horns 1, iridescent scales 1, frail 1
a: Spit Poison


You were on level 4 of the Dungeon.
You visited 1 branch of the dungeon, and saw 4 of its levels.

You collected 176 gold pieces.

Inventory:

Hand Weapons
 t - a +1 long sword (weapon)
Missiles
 i - 6 poisoned darts
Armour
 b - a +0 leather armour (worn)
 r - a +0 helmet
Wands
 c - a wand of flame (10)
 d - a wand of charming (13)
 e - a wand of iceblast (2)
Scrolls
 h - 2 scrolls of brand weapon
 k - a scroll of noise
 l - a scroll of teleportation
 p - 5 scrolls of identify {unknown}
 q - 2 scrolls of fog
 s - a scroll of amnesia {unknown}
Potions
 a - a potion of curing
 f - a potion of lignification {unknown}
 j - 2 potions of mutation
 m - a potion of magic {unknown}
 n - a potion of degeneration {unknown}


   Skills:
 + Level 4.4 Fighting
 - Level 1.5 Armour
 - Level 0.7 Dodging
 + Level 7.1 Stealth
 - Level 3.0 Evocations


You had 5 spell levels left.
You didn't know any spells.
Your spell library contained the following spells:

 Spells                   Type           Power      Damage    Failure   Level
 Summon Small Mammal      Summ           0%         N/A       41%         1
 Cigotuvi's Dreadful Rot  Necr/Pois/Air  0%         N/A       54%         2
 Poisonous Vapours        Pois/Air       0%         N/A       54%         2
 Call Canine Familiar     Summ           0%         N/A       78%         3
 Mephitic Cloud           Conj/Pois/Air  0%         N/A       78%         3
 Summon Guardian Golem    Hex/Summ       0%         N/A       78%         3
 Tukima's Dance           Hex            0%         N/A       78%         3
 Passage of Golubria      Tloc           0%         N/A       99%         4
 Yara's Violent Unravell  Hex/Tmut       0%         3d3       100%        5


Dungeon Overview and Level Annotations

Branches:
Dungeon (4/15)
 Temple: D:4-7

Altars:


Innate Abilities, Weirdness & Mutations

Your serpentine skin is tough. (AC +2)
You have supernaturally acute eyesight. (SInv)
Armour fits poorly on your strangely shaped body.
Your system is resistant to poisons. (rPois)
You cover ground very slowly.
You can spit poison.
You have a snake-like lower body.
You have a pair of small horns on your head.
You are partially covered in iridescent scales. (AC +2)
You are frail. (-10% HP)


Message History

You now have 166 gold pieces (gained 18).
You now have 176 gold pieces (gained 10).
p - 5 scrolls labelled ATSAUZ TIUHIZA (gained 1) 2 centaurs come into view.
Found a manual of Translocations.
The centaur shouts!
The centaur moves out of view.
A centaur is nearby!
A centaur is nearby!
Found a runed emerald amulet.
The centaur wields a +0 shortbow.
The centaur shoots an arrow.
The arrow barely misses you.
The centaur shoots an arrow.
The arrow hits you.
The centaur shouts!
The splash of poison hits the centaur.
The centaur is lightly wounded.
The centaur wields a +0 shortbow.
The centaur shoots an arrow.
The arrow closely misses you.
The centaur shoots an arrow.
The arrow hits you!
The centaur shoots an arrow.
The arrow hits you!
Press: ? - help, v - describe, . - travel, g - get item Item here: a manual of Translocations.
The floor.
You have got your breath back.
Found 4 stones.
The centaur shoots an arrow.
The arrow hits you!
The centaur shoots an arrow.
The arrow hits you.
The centaur shoots an arrow.
The arrow hits you!
The centaur shoots an arrow.
The arrow closely misses you.
The centaur shoots an arrow.
The arrow hits you!
* * * LOW HITPOINT WARNING * * *
Okay, then.
Okay, then.
Okay, then.
As you read the scroll labelled SUEFEY BAEL, it crumbles to dust.
The scroll dissolves into smoke.
It was a scroll of fog.
The centaur shoots an arrow.
The arrow hits you!
* * * LOW HITPOINT WARNING * * *
It was a potion of mutation.
You feel extremely strange.
You feel frail. A pair of horns grows on your head!
Your +0 helmet falls away!
Iridescent scales grow over part of your body.
The centaur shoots an arrow.
The arrow hits you!
You die...

........................
#......#.....8.8.8.8.8..
##.....#................
.........##............
.##.###................
## #........####.##..
#..###...###§# ## ..
###......###§§######.
#........#.§§@§§.....
#..###..#...c##§##.... .
##.###.##.c§# # #.#
#.#.##..#. ..#
#....:.... ...
#.#..##.#.. #...
#.##...##... ... $..
#.## .( "... ...


You could see 2 centaurs.

Vanquished Creatures
  Sigmund (D:2)
  3 gnolls
  7 adders
  2 dart slugs
  3 orcs (D:3)
  6 ball pythons
  4 endoplasms
  4 giant cockroaches
  5 hobgoblins
  2 quokkas
  9 bats
  2 frilled lizards
  5 goblins
  5 kobolds
  5 rats
63 creatures vanquished.

Vanquished Creatures (collateral kills)
  3 orcs (D:4)
3 creatures vanquished.

Vanquished Creatures (others)
  An ogre (D:4)
1 creature vanquished.

Grand Total: 67 creatures vanquished

Notes
Turn   | Place    | Note
-------+----------+-------------------------------------------
     0 | D:1      | oldriver the Naga Artificer began the quest for the Orb.
     0 | D:1      | Reached XP level 1. HP: 18/18 MP: 1/1
    33 | D:1      | Reached skill level 2 in Stealth
   423 | D:1      | Reached XP level 2. HP: 25/25 MP: 2/2
  1040 | D:1      | Reached skill level 3 in Stealth
  1463 | D:2      | Reached XP level 3. HP: 6/32 MP: 3/3
  1669 | D:2      | Noticed Sigmund
  1679 | D:2      | Killed Sigmund
  1680 | D:2      | Reached skill level 6 in Stealth
  1680 | D:2      | Reached XP level 4. HP: 44/44 MP: 4/4
  1680 | D:2      | Reached XP level 5. HP: 50/50 MP: 5/5
  2085 | D:3      | Reached XP level 6. HP: 57/57 MP: 6/6
  2856 | D:3      | Reached skill level 7 in Stealth
  3096 | D:4      | Gained mutation: You are frail. (-10% HP) [potion of
                  | mutation]
  3096 | D:4      | Gained mutation: You have a pair of small horns on your
                  | head. [potion of mutation]
  3096 | D:4      | Gained mutation: You are partially covered in iridescent
                  | scales. (AC +2) [potion of mutation]
  3096 | D:4      | Shot with an arrow by a centaur

Illustrated notes

Levels and vault maps discovered:
D:1:      psy_arrival_statuary, layout_basic, chequers_serial_rivers_large_b
D:2:      layout_rooms, uniq_sigmund
D:3:      layout_rooms, minmay_misc_feat_diagonals
D:4:      layout_cave_pools, serial_column_ruins, column_ruins_hut_ruined,
          column_ruins_square_large, column_ruins_columns_straight,
          column_ruins_open_tiny, column_ruins_columns_straight,
          column_ruins_grid_1, grunt_decor_cap, minmay_manual_mares

Skill      XL: |  1  2  3  4  5  6 |
---------------+-------------------+-----
Stealth        | 2 3 6 7 |  7.1
Fighting       | 2 3 4 |  4.4
Armour         | |  1.5
Dodging        | |  0.7
Evocations     | |  3.0

Action                   |  1- 3 |  4- 6 || total
-------------------------+-------+-------++-------
Melee: Club              |    61 |    31 ||    92
       Punch             |     1 |       ||     1
       Long sword        |       |    36 ||    36
 Abil: Spit Poison       |    26 |    29 ||    55
Evoke: Wand              |     8 |     2 ||    10
  Use: Potion            |     1 |     1 ||     2
       Scroll            |       |     7 ||     7
Armor: Leather armour    |    21 |    30 ||    51
Dodge: Dodged            |    38 |    56 ||    94

Table legend: (Time is in decaauts)
 A = Elapsed time spent in this place.
 B = Non-inter-level travel time spent in this place.
 C = Inter-level travel time spent in this place.
 D = Time resting spent in this place.
 E = Time spent auto-exploring this place.
 F = Levels seen in this place.
 G = Mean time per level.
                   A        B        C        D        E       F      G
               +--------+--------+--------+--------+--------+-----+--------+
         Total |   3942 |   3641 |    301 |    446 |   2431 |   4 |  985.5 |
       Dungeon |   3942 |   3641 |    301 |    446 |   2431 |   4 |  985.5 |
               +--------+--------+--------+--------+--------+-----+--------+

Top non-repeatable levels by time:
     D:1: 1825 daAuts
     D:3: 1042 daAuts
     D:2: 854 daAuts
     D:4: 219 daAuts
